 Dungeon Crawl Stone Soup version 0.31-a0-1447-g87ca8d402b (webtiles) character file.

Game seed: 1226476501363571063

280 Sonofthefire the Changeling (level 6, -9/44 HPs)
             Began as an Octopode Shapeshifter on Dec 27, 2023.
             Mangled by an ice beast (13 damage)
             ... on level 5 of the Dungeon.
             The game lasted 00:03:33 (2070 turns).

Sonofthefire the Changeling (Octopode Shapeshifter) Turns: 2070, Time: 00:03:34

Health: -9/44      AC:  1    Str: 15    XL:     6   Next: 27%
Magic:  6/6        EV: 13    Int: 12    God:
Gold:   173        SH:  5    Dex: 12    Spells: 5/5 levels left

rFire   . .          .
                       - Unarmed
rCold   . . .        (no shield)
rNeg    . . .        (helmet currently unavailable)
rPois   .            d - amulet of reflection
rElec   .            (no ring)
rCorr   .            (no ring)
SInv    .            (no ring)
Will    .....        (no ring)
Stlth   ++           (no ring)
HPRegen 0.27/turn    (no ring)
MPRegen 0.10/turn    (no ring)
                     (no ring)

%: reflection
@: beast-form
A: beast (slay +2), almost no armour, amphibious, 8 rings, camouflage 1,
gelatinous body 1, (nimble swimmer 1), tentacles
a: Begin Untransformation


You were on level 5 of the Dungeon.
You were a hulking beast.
You visited 1 branch of the dungeon, and saw 5 of its levels.

You collected 173 gold pieces.

Inventory:

Jewellery
 d - an amulet of reflection (around mantle)
Talismans
 b - a beast talisman
 c - a flux talisman
Wands
 a - a wand of light (9)
Scrolls
 e - a scroll of vulnerability {unknown}
 g - a scroll of butterflies {unknown}
 h - a scroll of immolation {unknown}
 i - 6 scrolls of identify {unknown}
 j - a scroll of fog {unknown}
 k - a scroll of enchant weapon {unknown}
 l - a scroll of teleportation {unknown}
Potions
 f - 2 potions of resistance {unknown}
 m - a potion of curing {unknown}
 n - a potion of attraction {unknown}
 o - a potion of magic {unknown}


   Skills:
 - Level 4.6 Fighting
 - Level 2.0 Dodging
 - Level 3.0 Unarmed Combat
 + Level 4.7 Shapeshifting


You had 5 spell levels left.
You didn't know any spells.
Your spell library contained the following spells:

 Spells                   Type           Power      Damage    Failure   Level
 Tukima's Dance           Hex            0%         N/A       69%         3
 Ignite Poison            Fire/Alch      0%         N/A       97%         4
 Passage of Golubria      Tloc           0%         N/A       97%         4
 Sticky Flame             Fire/Alch      0%         2d4       97%         4
 Yara's Violent Unravell  Hex/Alch       0%         3d3       100%        5
 Ignition                 Fire           0%         3d3       100%        8


Dungeon Overview and Level Annotations

Branches:
Dungeon (5/15)
 Temple: D:4-7

Altars:


Innate Abilities, Weirdness & Mutations

You are a hulking beast.
Your limbs bulge with bestial killing power. (Slay +2)
You cannot wear most types of armour.
You are amphibious.
You can wear up to eight rings at the same time.
Your skin changes colour to match your surroundings (Stealth+).
Your rubbery body absorbs attacks. (AC +1, EV +1)
((You are camouflaged when in or above water. (Stealth+)))
You have tentacles for arms and can constrict up to eight enemies at once.


Message History

You cannot move.
You start resting.
HP restored.
You start resting.
Your transformation is almost over.
You feel less wooden.
You turn into a hulking beast.
Things that are here:
a +0 scythe; a +2 robe of cold resistance; the human corpse of Sigmund You pick up Great Wizards, Vol.
VII and begin reading...
You add the spells Tukima's Dance, Passage of Golubria and Yara's Violent Unravelling to your library.
a - a wand of light (9)
o - a fizzy purple potion An ice beast comes into view.
An ice beast is nearby!
The helpless ice beast fails to defend itself.
You tentacle-slap the ice beast but do no damage.
You block the ice beast's attack.
You closely miss the ice beast. You squeeze the ice beast.
The ice beast is lightly wounded.
You tentacle-slap the ice beast.
The ice beast is lightly wounded.
The ice beast hits you. The ice beast freezes you!
You tentacle-slap the ice beast. You squeeze the ice beast!
The ice beast is heavily wounded.
The ice beast hits you. The ice beast freezes you.
You closely miss the ice beast.
The ice beast is heavily wounded.
The ice beast closely misses you.
You tentacle-slap the ice beast.
The ice beast is severely wounded.
The ice beast hits you. The ice beast freezes you!
* * * LOW HITPOINT WARNING * * *
Okay, then.
You tentacle-slap the ice beast.
The ice beast is almost dead.
The ice beast hits you.
* * * LOW HITPOINT WARNING * * *
The ice beast freezes you!
You die...

#### ##..##
##....## ###.....Y#
##....#.h###
#....###...# ###
#...#.....## #.#
##..##.####
###.####........#
#[.....#........#
###..............#
##...)...........##
#.................#


You could see an ice beast.

Vanquished Creatures
  Sigmund (D:5)
  Terence (D:2)
  4 adders
  2 worms
  3 dart slugs
  7 ball pythons
  5 bats
  2 endoplasms
  2 giant cockroaches (D:2)
  9 goblins
  5 hobgoblins
  6 jackals
  2 frilled lizards
  5 kobolds
  4 rats
58 creatures vanquished.

Notes
Turn   | Place    | Note
-------+----------+-------------------------------------------
     0 | D:1      | Sonofthefire the Octopode Shapeshifter began the quest for
                  | the Orb.
     0 | D:1      | Reached XP level 1. HP: 13/13 MP: 1/1
    82 | D:1      | Reached XP level 2. HP: 18/19 MP: 2/2
   462 | D:1      | Reached XP level 3. HP: 24/25 MP: 3/3
  1118 | D:2      | Reached XP level 4. HP: 29/33 MP: 4/4
  1161 | D:2      | Noticed Terence
  1170 | D:2      | Killed Terence
  1709 | D:3      | Reached XP level 5. HP: 18/38 MP: 5/5
  1975 | D:5      | Entered Level 5 of the Dungeon
  1975 | D:5      | Noticed Sigmund
  1983 | D:5      | Killed Sigmund
  1984 | D:5      | Reached XP level 6. HP: 44/44 MP: 6/6
  2054 | D:5      | Noticed an ice beast
  2070 | D:5      | Mangled by an ice beast

Illustrated notes

Levels and vault maps discovered:
D:1:      dpeg_arrival_windows_large_door, layout_basic,
          chequers_serial_rivers_small_3
D:2:      layout_loops_cross, minivault_5, uniq_terence
D:3:      layout_basic, minmay_misc_feat_cross, saegor_snake_ambush
D:4:      layout_gridville, overflow_temple_1_default, slow_altar_2,
          kennysheep_mini, grunt_temple_overflow_open
D:5:      layout_cave_pools, serial_shops, shop_fountains,
          kennysheep_generic_room_7, uniq_eustachio, uniq_sigmund, uniq_ijyb,
          uniq_menkaure

Skill      XL: |  1  2  3  4  5 |
---------------+----------------+-----
Fighting       | 2 3 4 |  4.6
Shapeshifting  | 4 |  4.7
Dodging        | |  2.0
Unarmed Combat | |  3.0

Action                     |  1- 3 |  4- 6 || total
---------------------------+-------+-------++-------
  Melee: Unarmed           |    65 |    73 ||   138
         Constrict         |    20 |    10 ||    30
         Tentacles         |    12 |     8 ||    20
         Punch             |     3 |       ||     3
    Use: Potion            |       |     1 ||     1
   Stab: Sleeping          |    10 |     9 ||    19
 Armour: Skin              |    33 |    39 ||    72
  Dodge: Dodged            |    51 |    18 ||    69
  Block: Other             |    19 |    13 ||    32

Table legend: (Time is in decaauts)
 A = Elapsed time spent in this place.
 B = Non-inter-level travel time spent in this place.
 C = Inter-level travel time spent in this place.
 D = Time resting spent in this place.
 E = Time spent auto-exploring this place.
 F = Levels seen in this place.
 G = Mean time per level.
                   A        B        C        D        E       F      G
               +--------+--------+--------+--------+--------+-----+--------+
         Total |   2061 |   1993 |     68 |    419 |   1149 |   5 |  412.2 |
       Dungeon |   2061 |   1993 |     68 |    419 |   1149 |   5 |  412.2 |
               +--------+--------+--------+--------+--------+-----+--------+

Top non-repeatable levels by time:
     D:2: 934 daAuts
     D:1: 478 daAuts
     D:3: 404 daAuts
     D:4: 150 daAuts
     D:5: 93 daAuts
